 Dungeon Crawl Stone Soup version 0.23.1 (console) character file.

Game seed: 17845823420675053756

14602 fly the Nimble (level 12, -7/114 HPs)
             Began as an Ogre Fire Elementalist on Mar 13, 2019.
             Was a Follower of Uskayaw.
             Mangled by a salamander (12 damage)
             ... on level 8 of the Dungeon.
             The game lasted 00:48:52 (12872 turns).

fly the Nimble (Ogre Fire Elementalist)            Turns: 12872, Time: 00:48:53

Health: -7/114     AC:  5    Str: 15    XL:     12   Next: 18%
Magic:  17/22      EV: 15    Int: 16    God:    Uskayaw [*.....]
Gold:   489        SH:  0    Dex: 13    Spells: 13/25 levels left

rFire    . . .     SeeInvis .   a - +3 quarterstaff (chaos)
rCold    . . .     Gourm    +   (shield currently unavailable)
rNeg     + . .     Faith    .   y - +0 troll leather armour
rPois    .         Spirit   .   (helmet restricted)
rElec    .         Reflect  .   n - scarf {repulsion}
rCorr    .         Harm     .   (gloves unavailable)
MR       +....                  (boots unavailable)
Stlth    ++........             m - amulet of the gourmand
HPRegen  0.69/turn              D - ring of positive energy
MPRegen  0.18/turn              (no ring)

@: very slightly contaminated, repel missiles
A: large, unfitting armour, tough skin 1
a: Stomp, Renounce Religion


You were on level 8 of the Dungeon.
You worshipped Uskayaw.
Uskayaw was noncommittal.
You were very full.

You visited 3 branches of the dungeon, and saw 11 of its levels.
You also visited: Ossuary.

You collected 565 gold pieces.
You spent 76 gold pieces at shops.

Inventory:

Hand Weapons
 a - a +3 quarterstaff of chaos (weapon)
 b - a +2 hunting sling of flaming
Missiles
 j - 248 stones (quivered)
Armour
 n - a scarf of repulsion (worn)
 q - a +0 cloak
 y - a +0 troll leather armour (worn)
Jewellery
 m - an amulet of the gourmand (around neck)
 D - a ring of positive energy (left hand)
Wands
 z - a wand of paralysis (7)
 A - a wand of flame (14)
 I - a wand of random effects (14)
Scrolls
 d - 5 scrolls of immolation
 f - 4 scrolls of teleportation
 g - 2 scrolls of blinking
 i - 4 scrolls of fear
 k - 4 scrolls of remove curse
 o - 3 scrolls of random uselessness {unknown}
 r - 3 scrolls of magic mapping {unknown}
 u - a scroll of amnesia {unknown}
 v - 3 scrolls of enchant weapon {unknown}
 w - 2 scrolls of fog {unknown}
 B - a scroll of enchant armour
 C - a scroll of noise
Potions
 e - 3 potions of haste
 h - a potion of heal wounds
 l - 3 potions of brilliance
 p - 4 potions of curing
 s - 3 potions of invisibility
 t - a potion of lignification
 x - a potion of agility
 E - a potion of flight
 F - 2 potions of might
 G - a potion of degeneration
Comestibles
 c - 17 rations


   Skills:
 - Level 6.0 Fighting
 - Level 6.0 Staves
 - Level 10.3 Dodging
 - Level 1.4 Stealth
 - Level 7.0 Spellcasting
 + Level 8.4 Conjurations
 + Level 8.3 Fire Magic


You had 13 spell levels left.
You knew the following spells:

 Your Spells              Type           Power        Failure   Level  Hunger
c - Conjure Flame         Conj/Fire      ####....     1%          3    ##.....
n - Inner Flame           Hex/Fire       ###.....     9%          3    ##.....
t - Fireball              Conj/Fire      ####......   14%         5    #####..
z - Flame Tongue          Conj/Fire      ####.        1%          1    None

Your spell library contained the following spells:

 Spells                   Type           Power        Failure   Level  Hunger
 Throw Flame              Conj/Fire      ####..       1%          2    None
 Sticky Flame             Conj/Fire      ####....     4%          4    ####...


Dungeon Overview and Level Annotations

Branches:
Dungeon (9/15)             Temple (1/1) D:6            Lair (1/6) D:8
    Orc (0/2) D:9

Altars:
Ashenzari
Cheibriados
Dithmenos
Elyvilon
Fedhas
Gozag
Hepliaklqana
Kikubaaqudgha
Makhleb
Nemelex Xobeh
Okawaru
Qazlal
Ru
Sif Muna
Trog
Uskayaw
Vehumet
Wu Jian
Xom
Yredelemnul
Zin
The Shining One

Shops:
D:9 *


Innate Abilities, Weirdness & Mutations

You are too large for most types of armour.
You have tough skin. (AC +1)


Message History

Unknown command.
Unknown command.
The salamander barely misses you.
Things that are here:
a cursed +0 chain mail; a +2 long sword of holy wrath Unknown command.
Unknown command.
Unknown command.
Unknown command.
The salamander hits you.
* * * LOW HITPOINT WARNING * * *
You are engulfed in flames!
* * * LOW HITPOINT WARNING * * *
There is an open door here.
Unknown command.
Unknown command.
The salamander hits you!
* * * LOW HITPOINT WARNING * * *
You are engulfed in flames!
You die...

#.########.## #.#
####.......##..### #.#
......####.P.....### #.#
.####.###...P...P..## #.#
...........P...P...P# #.#
....#.#...P.P...PP..## #.#
....#.#PPP...P...PP..###.#
........P.PP####P.P......#
....##.....P#.[N@.....####
.......P.P..#>[#P.P...#
....###..PPP####..PP.## #####
#...PP..P.P....###
#####...P.....P.....######
####..........P.P..P........#
...#.####..P.P.P..P#.#.####.#
...........P...........####.#
....)##.#.#.#..###....<..##.#


You could see a salamander.

Vanquished Creatures
  A two-headed ogre (D:9)
  A troll (D:9)
  A hippogriff (D:7)
  Sigmund (D:4)
  6 humans
  3 yaks (Lair:1)
  2 hungry ghosts (D:9)
  3 porcupines (D:8)
  2 sky beasts (D:6)
  4 orc warriors
  3 black bears
  3 phantoms
  8 ogres
  5 centaurs
  An elf zombie (D:4)
  2 big kobolds (D:3)
  4 bullfrogs
  An elf skeleton (D:4)
  5 scorpions
  A wyvern skeleton (D:6)
  7 killer bees
  3 troll zombies (D:9)
  4 crimson imps
  A centaur zombie (D:5)
  A howler monkey (D:6)
  3 hounds
  A quasit (D:9)
  2 bullfrog zombies (D:5)
  7 orc priests
  Crazy Yiuf (D:2)
  A bullfrog skeleton (D:4)
  2 human skeletons (D:4)
  4 jellies
  4 iguanas
  A worker ant (D:4)
  10 orc wizards
  5 ogre zombies (D:9)
  A hound skeleton (D:7)
  11 mummies (Ossuary)
  2 howler monkey zombies
  12 adders
  A shadow imp (D:6)
  An ooze (D:6)
  2 worms
  5 dart slugs
  3 leopard geckos
  20 orcs
  7 bats
  9 giant cockroaches
  14 goblins
  15 hobgoblins
  15 jackals
  9 kobolds
  5 quokkas
  2 ball pythons
  4 frilled lizards
  A giant cockroach zombie (D:6)
  2 gnoll skeletons (Ossuary)
  5 goblin skeletons
  A goblin zombie (D:9)
  2 hobgoblin zombies (D:9)
  3 kobold skeletons (Ossuary)
  6 orc skeletons
  15 orc zombies (D:9)
  A quokka zombie (D:7)
  3 rats
  11 rat skeletons (Ossuary)
  A fungus (D:2)
303 creatures vanquished.

Vanquished Creatures (others)
  An elf skeleton (D:4)
  2 plants (Lair:1)
3 creatures vanquished.

Grand Total: 306 creatures vanquished

Notes
Turn   | Place    | Note
-------+----------+-------------------------------------------
     0 | D:1      | fly the Ogre Fire Elementalist began the quest for the Orb.
     0 | D:1      | Reached XP level 1. HP: 16/16 MP: 3/3
    26 | D:1      | Reached skill level 1 in Conjurations
    73 | D:1      | Reached XP level 2. HP: 20/24 MP: 3/5
   102 | D:1      | Reached skill level 2 in Dodging
   552 | D:1      | Reached XP level 3. HP: 31/31 MP: 1/7
  1047 | D:2      | Reached XP level 4. HP: 39/39 MP: 2/8
  2029 | D:2      | Found a runed translucent door.
  2030 | D:2      | Noticed Crazy Yiuf
  2039 | D:2      | Killed Crazy Yiuf
  2039 | D:2      | Reached XP level 5. HP: 38/45 MP: 2/9
  2621 | D:3      | Reached skill level 3 in Dodging
  3067 | D:4      | Reached XP level 6. HP: 46/53 MP: 5/10
  3068 | D:4      | Found a snail-covered altar of Cheibriados.
  3330 | D:5      | Entered Level 5 of the Dungeon
  3353 | D:5      | Learned a level 3 spell: Conjure Flame
  3357 | D:5      | Learned a level 3 spell: Inner Flame
  3419 | D:4      | Noticed Sigmund
  3475 | D:4      | Found a sand-covered staircase.
  3508 | D:4      | Reached XP level 7. HP: 5/59 MP: 3/11
  3667 | Ossuary  | Entered an ossuary
  3889 | Ossuary  | Reached skill level 5 in Fire Magic
  4015 | Ossuary  | Reached skill level 5 in Conjurations
  4628 | D:3      | Reached XP level 8. HP: 35/67 MP: 5/12
  4994 | D:4      | Killed Sigmund
  5075 | D:4      | Found a shimmering altar of Xom.
  5496 | D:5      | Reached skill level 1 in Fighting
  5586 | D:5      | Found a sacrificial altar of Ru.
  6140 | D:5      | Found a burning altar of Makhleb.
  6205 | D:5      | Found a white marble altar of Elyvilon.
  6278 | D:6      | Reached skill level 4 in Dodging
  6338 | D:6      | Learned a level 5 spell: Fireball
  6378 | D:6      | Found a staircase to the Ecumenical Temple.
  6427 | Temple   | Entered the Ecumenical Temple
  6503 | Temple   | Became a worshipper of Uskayaw the Reveler
  6605 | D:6      | Reached skill level 5 in Fighting
  6605 | D:6      | Reached * piety under Uskayaw
  6608 | D:6      | Reached XP level 9. HP: 59/88 MP: 13/13
  6609 | D:6      | Reached ** piety under Uskayaw
  6639 | D:6      | Reached skill level 5 in Dodging
  7095 | D:6      | Reached skill level 1 in Staves
  7256 | D:6      | Found an iron altar of Okawaru.
  8089 | D:7      | Reached skill level 6 in Dodging
  8090 | D:7      | Reached *** piety under Uskayaw
  8094 | D:7      | Reached **** piety under Uskayaw
  9012 | D:6      | Reached skill level 5 in Staves
  9380 | D:7      | Reached XP level 10. HP: 28/98 MP: 0/15
 10532 | D:8      | Reached skill level 5 in Spellcasting
 10536 | D:8      | Found a staircase to the Lair.
 11993 | D:9      | Found a staircase to the Orcish Mines.
 12101 | D:9      | Reached XP level 11. HP: 98/105 MP: 0/20
 12165 | D:9      | Reached skill level 10 in Dodging
 12165 | D:9      | Reached XP level 12. HP: 114/114 MP: 11/21
 12317 | D:9      | Found Kuaheun's Assorted Antiques.
 12320 | D:9      | Bought a scroll of identify for 38 gold pieces
 12320 | D:9      | Bought a scroll of identify for 38 gold pieces
 12379 | D:9      | Noticed a two-headed ogre
 12394 | D:9      | Killed a two-headed ogre
 12775 | Lair:1   | Entered Level 1 of the Lair of Beasts
 12872 | D:8      | HP: 5/114 [salamander (15)]
 12872 | D:8      | Mangled by a salamander

Skill      XL: |  1  2  3  4  5  6  7  8  9 10 11 12 |
---------------+-------------------------------------+-----
Conjurations   | 1 2 3 4 5 6 7 8 |  8.4
Dodging        | 2 3 4 6 10 | 10.3
Fire Magic     | 3 4 5 6 7 8 |  8.3
Spellcasting   | 3 6 7 |  7.0
Fighting       | 5 6 |  6.0
Staves         | 6 |  6.0
Stealth        | |  1.4

Action                   |  1- 3 |  4- 6 |  7- 9 | 10-12 || total
-------------------------+-------+-------+-------+-------++-------
Melee: Unarmed           |    19 |       |       |       ||    19
       Quarterstaff      |       |    61 |   133 |   114 ||   308
 Fire: Hunting sling     |       |    16 |    16 |       ||    32
 Cast: Flame Tongue      |    55 |    91 |   241 |   189 ||   576
       Conjure Flame     |       |     2 |    17 |    18 ||    37
       Inner Flame       |       |       |     1 |     3 ||     4
       Fireball          |       |       |       |     4 ||     4
Evoke: Wand              |       |       |       |    13 ||    13
  Use: Scroll            |       |     8 |     5 |    10 ||    23
       Potion            |       |       |       |     2 ||     2
 Stab: Sleeping          |     1 |     5 |       |     3 ||     9
       Distracted        |       |     1 |       |       ||     1
       Confused          |       |     1 |       |       ||     1
       Paralysed         |       |     1 |     3 |    12 ||    16
       Petrified         |       |       |     1 |       ||     1
  Eat: Chunk             |       |     8 |    24 |    19 ||    51
       Ration            |       |       |     1 |       ||     1
Armor: Robe              |    19 |    25 |    40 |     9 ||    93
       Troll leather arm |       |       |       |    18 ||    18
Dodge: Dodged            |    23 |    71 |   161 |   125 ||   380
       Deflected         |       |     1 |     8 |     1 ||    10
